AoeStats
← Low Elo Nobody

Golden Pit

510054604Analyzed
1v1 RM · 5d ago on Sep 29, 2026· 52m 58s· 2 players
Game mode
Random Map
Map size
Tiny (2 player)
Population
200
Speed
Normal
Resources
Standard
Victory
Conquest
Starting age
Dark Age
Ending age
Imperial Age
RankedLock teamsTeams togetherTeam positionsShared explorationLock speedFull tech treeHidden civsTurbo modeCheats
Victory
Defeat
🇲🇽 Tatars · Mexico
843
+18
🇮🇹 Romans · Italy
884
-18
axelivan2305
7:16 Loom
9:17 Feudal Age
9:53 Double-Bit Axe
9:53 Horse Collar
17:43 Fletching
20:13 Castle Age
19:10 Padded Archer Armor
20:52 Town Watch
21:51 Gold Mining
26:03 Bow Saw
28:16 Heavy Plow
29:31 Wheelbarrow
30:44 Gold Shaft Mining
31:01 Leather Archer Armor
32:51 Hand Cart
32:48 Bodkin Arrow
34:24 Husbandry
36:51 Silk Armor
40:56 Imperial Age
38:56 Town Patrol
42:01 Conscription
41:59 Bracer
42:29 Ring Archer Armor
45:14 Crop Rotation
44:57 Scale Barding Armor
45:03 Forging
46:18 Chain Barding Armor
46:12 Stone Mining
47:50 Chemistry
47:26 Ballistics
48:18 Plate Barding Armor
48:18 Iron Casting
47:52 Siege Engineers
49:01 Elite Keshik
50:05 Timurid Siegecraft
Low Elo Nobody
7:12 Loom
10:13 Feudal Age
11:16 Double-Bit Axe
11:04 Man-at-Arms
13:01 Scale Mail Armor
13:53 Forging
22:28 Castle Age
20:44 Gold Mining
22:34 Wheelbarrow
23:57 Scale Barding Armor
24:49 Fletching
25:21 Chain Barding Armor
25:51 Iron Casting
28:26 Bloodlines
39:01 Husbandry
45:38 Bodkin Arrow
49:35 Imperial Age
48:58 Murder Holes
49:17 Masonry
50:38 Cavalier
51:36 Heavy Scorpion
Connection lost

Rejoining the realm…

Still unreachable

The connection could not be restored.

Session expired

The server has moved on; the page needs a fresh start.